 Dungeon Crawl Stone Soup version 0.22-a0-223-g0f5d773 (webtiles) character file.

16 4thArraOfDagon the Vexing (level 2, -4/20 HPs)
             Began as an Octopode Arcane Marksman on Feb 18, 2018.
             Slain by an orc
             ... wielding a +0 hand axe
              (8 damage)
             ... on level 3 of the Dungeon.
             The game lasted 00:01:03 (259 turns).

4thArraOfDagon the Vexing (Octopode Arcane Marksman) Turns: 259, Time: 00:01:04

Health: -4/20      AC:  1    Str:  9    XL:     2   Next: 54%
Magic:  3/3        EV: 13    Int: 15    God:
Gold:   102        SH:  0    Dex: 12    Spells: 2/3 levels left

rFire    . . .     SeeInvis .   g - +0 rapier
rCold    . . .     Gourm    .   (no shield)
rNeg     . . .     Faith    .   (helmet restricted)
rPois    .         Spirit   .   (no amulet)
rElec    .         Reflect  .   (no ring)
rCorr    .         Harm     .   (no ring)
MR       .....                  (no ring)
Stlth    ++........             (no ring)
HPRegen  0.06/turn              (no ring)
MPRegen  0.08/turn              (no ring)
                                (no ring)
                                (no ring)

@: no status effects
A: almost no armour, stealthy swim, amphibious, 8 rings, constrict 8, camouflage
1, gelatinous body 1
a: no special abilities


You were on level 3 of the Dungeon.
You were not hungry.

You visited 1 branch of the dungeon, and saw 3 of its levels.

You collected 102 gold pieces.

Inventory:

Hand Weapons
 g - a +0 rapier (weapon)
Missiles
 b - 3 javelins (quivered)
 c - 2 throwing nets
Scrolls
 d - 2 scrolls of identify {unknown}
 e - a scroll of enchant weapon {unknown}
 f - 2 scrolls of teleportation {unknown}
Potions
 h - a potion of flight {unknown}
Comestibles
 a - a ration


   Skills:
 + Level 2.4 Fighting
 - Level 2.0 Throwing
 - Level 2.0 Dodging
 - Level 1.0 Spellcasting
 - Level 3.0 Hexes


You had 2 spell levels left.
You knew the following spells:

 Your Spells              Type           Power        Failure   Level  Hunger
a - Corona                Hex            #......      7%          1    ##.....


Dungeon Overview and Level Annotations

Branches:
Dungeon (3/15)

Altars:


Innate Abilities, Weirdness & Mutations

You cannot wear most types of armour.
You are very stealthy in the water. (Stealth+)
You are amphibious.
You can wear up to eight rings at the same time.
You can use your tentacles to constrict eight enemies at once.
Your skin changes colour to match your surroundings (Stealth+).
Your rubbery body absorbs attacks. (AC +1, EV +1)


Message History

Unknown command.
You hit the orc but do no damage. You grab the orc.
You squeeze the orc, but do no damage. You constrict the orc.
The orc misses you.
Unknown command.
You hit the orc but do no damage.
The orc is lightly wounded.
You constrict the orc, but do no damage.
The orc hits you with a hand axe.
* * * LOW HITPOINT WARNING * * *
Unknown command.
Unknown command.
Throwing (i - inventory. (/) - cycle)
b - 4 javelins (quivered)
Press: ? - help, Shift-Dir - straight line, f - orc
Aim: an orc, wielding a hand axe and wearing a chain mail (lightly wounded, constricted by you)
You throw a javelin. The javelin hits the orc.
The orc is almost dead.
You constrict the orc, but do no damage.
The orc completely misses you. The orc hits you with a hand axe!
You die...

....... .....
..... ..( ... #.#
#o# #o# #@## #..#
. ##.# ...
.#####.######....
..................
..................
.....##..#########
..##. ##.# .
#.....#


You could see 2 orcs.

Vanquished Creatures
  A leopard gecko (D:2)
  3 orcs (D:3)
  A goblin (D:1)
  2 kobolds
  A quokka (D:3)
  3 rats
  A fungus (D:1)
12 creatures vanquished.

Notes
Turn   | Place    | Note
-------+----------+-------------------------------------------
     0 | D:1      | 4thArraOfDagon the Octopode Arcane Marksman began the quest for the Orb.
     0 | D:1      | Reached XP level 1. HP: 13/13 MP: 2/2
    77 | D:1      | You fall through a shaft!
   198 | D:2      | Reached XP level 2. HP: 12/19 MP: 3/3
   259 | D:3      | Slain by an orc

Vault maps used:
D:1:      giann_bridges, minmay_gold_behind_fungi
D:2:      lemuel_coloured_pillars_altar, tso_altar,
          grunt_dithmenos_smoke_and_mirrors
D:3:      old_standard_altar, first_ration

Skill      XL: |  1 |
---------------+----+-----
Fighting       | 2 |  2.4
Throwing       | |  2.0
Dodging        | |  2.0
Spellcasting   | |  1.0
Hexes          | |  3.0

Action                   || total
-------------------------++-------
Melee: Unarmed           ||    20
       Tentacles         ||     9
       Rapier            ||    15
       Constrict         ||     6
Throw: Javelin           ||     2
 Stab: Sleeping          ||     2
Armor: Skin              ||     1
Dodge: Dodged            ||    10

Table legend:
 A = Spawn XP
 B = Non-spawn XP
 C = Spawn XP percentage of total XP
 D = Spawn monster count
 E = Non-spawn monster count
 F = Spawn count percentage of total count
 G = Total turns spent on level
                    A         B        C        D         E        F      G
               +---------+---------+-------+---------+---------+-------+---------
         Total |       0 |      23 |   0.0 |       0 |      11 |   0.0 |   259
               +---------+---------+-------+---------+---------+-------+---------
           D:1 |       0 |       5 |   0.0 |       0 |       3 |   0.0 |    77
           D:2 |       0 |       6 |   0.0 |       0 |       3 |   0.0 |   155
           D:3 |       0 |      12 |   0.0 |       0 |       5 |   0.0 |    27
               +---------+---------+-------+---------+---------+-------+---------
